 Dungeon Crawl Stone Soup version 0.30-a0-986-g7f2e898f52 (webtiles) character file.

Game seed: 8392813545491759394

40980 CryoSword the Zephyrmancer (level 13, -12/153 HPs)
             Began as a Demigod Air Elementalist on Apr 2, 2023.
             Mangled by a reaper
             ... wielding a +1 scythe of freezing
              (30 damage)
             ... in an ice cave.
             The game lasted 00:45:09 (26647 turns).

CryoSword the Zephyrmancer (DgAE)                  Turns: 26647, Time: 00:45:10

Health: -12/153    AC: 30    Str: 13    XL:     13   Next: 42%
Magic:  2/26       EV:  2    Int: 25    God:
Gold:   1351       SH:  0    Dex: 18    Spells: 4/24 levels left

rFire   . . .      SeeInvis .    w - +2 rapier "Alaudd" {spect, rN+}
rCold   . . .      Faith    .    (no shield)
rNeg    + . .      Spirit   .    d - melded +0 ice dragon scales
rPois   +          Reflect  .    p - melded +1 helmet
rElec   .          Rampage  .    B - melded +0 cloak
rCorr   .          NoTele   +    (gloves currently unavailable)
Will    +....                    (boots currently unavailable)
Stlth   ++                       h - amulet of regeneration
HPRegen 1.25/turn                I - ring of poison resistance
MPRegen 0.20/turn                H - +4 ring of protection

@: tree-form (expiring), hasted, very quick
A: stationary, stasis, torment immunity, boosted hp, high MP 1, forlorn, divine
attributes
a: no special abilities


You were in an ice cave.
You were a tree.
You visited 2 branches of the dungeon, and saw 16 of its levels.
You also visited: Ice Cave.

You collected 1351 gold pieces.

Inventory:

Hand Weapons
 w - the +2 rapier "Alaudd" (weapon) {spect, rN+}
   (You found it on level 6 of the Dungeon)

   rN:        It protects you from negative energy.
Missiles
 C - 32 poisoned darts
Armour
 d - +0 ice dragon scales (melded)
   (You found it on level 1 of the Dungeon)
 p - a +1 helmet (melded)
   (You found it on level 4 of the Dungeon)
 v - a +0 troll leather armour
   (You found it on level 10 of the Dungeon)
 B - a +0 cloak (melded)
   (You found it on level 6 of the Dungeon)
 O - +0 acid dragon scales
   (You found it on level 9 of the Dungeon)
 R - a +0 pair of boots
   (You found it in an ice cave)
Jewellery
 h - an amulet of regeneration (around neck)
   (You found it on level 1 of the Dungeon)
 i - a ring of positive energy
   (You found it on level 1 of the Lair of Beasts)
 u - a +6 ring of strength
   (You found it on level 4 of the Dungeon)
 H - a +4 ring of protection (right branch)
   (You found it on level 7 of the Dungeon)
 I - a ring of poison resistance (left branch)
   (You found it on level 8 of the Dungeon)
Wands
 b - a wand of iceblast (4)
   (You found it on level 1 of the Lair of Beasts)
 q - a wand of quicksilver (6)
   (You found it on level 2 of the Dungeon)
 r - a wand of flame (12) (quivered)
   (You found it on level 3 of the Dungeon)
Scrolls
 a - 2 scrolls of enchant weapon {unknown}
 c - a scroll of silence {unknown}
 e - a scroll of fear
 f - 2 scrolls of teleportation {@r4}
 g - 3 scrolls of blinking {unknown}
 j - 2 scrolls of fog {unknown}
 m - 2 scrolls of amnesia
 n - 2 scrolls of immolation {unknown}
 x - 3 scrolls of butterflies {unknown}
 y - a scroll of poison {unknown}
 A - 2 scrolls of noise {unknown}
 E - a scroll of magic mapping {unknown}
 G - 2 scrolls of torment {unknown}
 L - a scroll of acquirement {unknown}
Potions
 k - 7 potions of flight
 o - 7 potions of curing {@q1}
 t - 2 potions of berserk rage {unknown}
 z - 3 potions of invisibility {unknown}
 D - 5 potions of mutation {!q}
 F - 2 potions of resistance {unknown}
 J - a potion of cancellation {unknown}
 P - 6 potions of ambrosia {unknown}
Miscellaneous
 K - a condenser vane (inert)
   (You found it on level 3 of the Lair of Beasts)


   Skills:
 * Level 6.3 Fighting
 * Level 6.1(9.7) Short Blades
 - Level 11.6(12.3) Long Blades
 - Level 1.6(2.0) Maces & Flails
 - Level 1.4(1.9) Staves
 + Level 1.9 Armour
 * Level 4.4 Dodging
 + Level 3.0 Stealth
 - Level 6.0 Spellcasting
 - Level 8.0 Conjurations
 - Level 6.0 Fire Magic
 + Level 14.1 Air Magic


You had 4 spell levels left.
You knew the following spells:

 Your Spells              Type           Power      Damage    Failure   Level
a - Plasma Beam           Fire/Air       27%        2x1d29    3%          5
b - Arcjolt               Conj/Air       29%        1d39      2%          5
c - Airstrike             Air            33%        2d(5-21)  1%          4
S - Swiftness             Air            67%        N/A       1%          3
V - Vhi's Electric Charg  Tloc/Air       84%        N/A       1%          3

Your spell library contained the following spells:

 Spells                   Type           Power      Damage    Failure   Level
 Shock                    Conj/Air       100%       1d9       1%          1
 Static Discharge         Conj/Air       100%       2-7/arc   1%          2
 Kindle Blastsparks       Fire/Tloc/Air  82%        2d16      1%          3
 Apportation              Tloc           14%        N/A       8%          1
 Fulminant Prism          Conj/Hex       13%        3d8       14%         4
 Iskenderun's Mystic Bla  Conj/Tloc      27%        2d7       14%         4
 Call Canine Familiar     Summ           7%         N/A       22%         3
 Gell's Gravitas          Tloc           7%         N/A       22%         3
 Portal Projectile        Hex/Tloc       14%        N/A       22%         3
 Teleport Other           Tloc           7%         N/A       22%         3
 Leda's Liquefaction      Hex/Erth       3%         N/A       58%         4
 Olgreb's Toxic Radiance  Pois           7%         N/A       58%         4
 Passage of Golubria      Tloc           7%         N/A       58%         4
 Silence                  Hex/Air        21%        N/A       12%         5
 Irradiate                Conj/Tmut      13%        3d16      36%         5
 Maxwell's Capacitive Co  Air            33%        ∞         83%         8
 Alistair's Intoxication  Tmut/Pois      4%         N/A       90%         5
 Blade Hands              Tmut           3%         N/A       90%         5
 Lee's Rapid Deconstruct  Erth           3%         3d5*      90%         5
 Dispersal                Tloc           3%         N/A       100%        6
 Dragon Form              Tmut           3%         N/A       100%        7
 Ozocubu's Refrigeration  Ice            3%         4d8       100%        7
 Ignition                 Fire           18%        3d7       100%        8
 Lehudib's Crystal Spear  Conj/Erth      13%        10d5      100%        8


Dungeon Overview and Level Annotations

Branches:
Dungeon (11/15)            Temple (0/1) D:7            Lair (5/5) D:9
 Shoals (0/4) Lair:3        Snake (0/4) Lair:2          Orc (0/2) D:11
  IceCv (1/1)
  Slime: Lair:4-5

Portals:
Trove: D:11 (give 17 potions of curing)

Annotations:
D:5 3 runed translucent doors, fly's ghost, weakling DgDe
D:10 exclusion: orange demon, Amaemon
Lair:3 4 exclusions


Innate Abilities, Weirdness & Mutations

You are a tree.
Your roots penetrate the ground, keeping you stationary.
You cannot be teleported.
You are immune to unholy pain and torment.
Your maximum health is greatly increased.
Your equipment is partially melded.
You have an increased reservoir of magic. (+10% MP)
You shall have no god before yourself.
Your divine heritage dramatically boosts your attributes as you level up.


Message History

You barely miss the troll simulacrum.
Your +2 rapier "Alaudd" {spect, rN+} hits the troll simulacrum!
You barely miss the troll simulacrum.
Your +2 rapier "Alaudd" {spect, rN+} hits the troll simulacrum.
The troll simulacrum closely misses you. x3
You hit the troll simulacrum.
No target in view!
A polar bear simulacrum comes into view.
A polar bear simulacrum is nearby!
An ice devil comes into view.
A troll simulacrum comes into view.
You hit the polar bear simulacrum.
Your +2 rapier "Alaudd" {spect, rN+} hits the polar bear simulacrum.
You hit the polar bear simulacrum but do no damage.
Your +2 rapier "Alaudd" {spect, rN+} hits the polar bear simulacrum.
The polar bear simulacrum completely misses you.
The polar bear simulacrum claws you but does no damage. x2
You barely miss the polar bear simulacrum.
Your +2 rapier "Alaudd" {spect, rN+} hits the polar bear simulacrum but does no damage.
An anaconda simulacrum comes into view.
You catch the helpless polar bear simulacrum completely off-guard!
You puncture the polar bear simulacrum!
The bolt of lightning hits the ice devil but does no damage.
The bolt of lightning hits the ice devil!
The bolt of lightning hits the troll simulacrum!!
The fiery plasma hits the ice devil.
The ice devil is burned terribly!
You hear a sizzling sound!
The ice devil hits you. The ice devil freezes you. You resist.
You miscast Plasma Beam.
You are very lightly contaminated with residual magic.
You feel uncomfortably hot! The fire burns you terribly!
The ice devil hits you. The ice devil freezes you! You resist.
The bolt of lightning hits the ice devil!
The bolt of lightning hits the ice devil!!
The bolt of lightning hits the anaconda simulacrum!!
The bolt of lightning misses the troll simulacrum.
The fiery plasma misses the ice devil.
The fiery plasma hits the ice devil.
The ice devil is burned terribly!
The fiery plasma hits the anaconda simulacrum!!
The anaconda simulacrum melts!
You hear a sizzling sound!
The ice devil hits you. The ice devil freezes you. You resist.
The ice devil attacks as you move away!
The ice devil hits you but does no damage.
Aim: an ice devil (almost dead, 68% to hit)
The puff of flame hits the ice devil!
The ice devil is burned terribly!
Aim: an ice devil (heavily wounded, 68% to hit)
The puff of flame misses the ice devil.
The ice devil misses you.
Aim: an ice devil (heavily wounded, 68% to hit)
The puff of flame hits the ice devil!
The ice devil is burned terribly!
The ice devil hits you! The ice devil freezes you. You resist.
The ice devil barely misses you.
Electricity surges outward!
You kill the ice devil!
The ice devil closely misses you.
Electricity surges outward!
You kill the ice devil!
A reaper comes into view.
It is wielding a +1 scythe of freezing and wearing a +1 robe of cold resistance.
Aim: a reaper, wielding a +1 scythe of freezing, wearing a +1 robe of cold resistance and wearing a ring of protection from cold (71% to hit)
The bolt of dispelling energy hits the reaper.
A spriggan simulacrum comes into view.
The reaper draws a finger across its throat.
Okay, then.
Okay, then.
Okay, then.
Unknown command.
Really quaff
l - a potion of lignification {!q}?
Really quaff the potion of lignification?
You turn into a tree.
Your +0 cloak melds into your body.
Your +1 helmet melds into your body.
Your +0 ice dragon scales melds into your body.
Your roots penetrate the ground.
The reaper hits you from afar with a +1 scythe of freezing!
The reaper freezes you.
Okay, then.
Throw: throwing net
Aim: a reaper, wielding a +1 scythe of freezing, wearing a +1 robe of cold resistance and wearing a ring of protection from cold (lightly wounded, 64% to hit)
You throw a throwing net. The throwing net hits the reaper.
The reaper is caught in the net!
The reaper struggles against the net.
Aim: a reaper, wielding a +1 scythe of freezing, wearing a +1 robe of cold resistance and wearing a ring of protection from cold (lightly wounded, entangled in a net, 100% to hit)
The bolt of dispelling energy hits the reaper.
The reaper struggles against the net.
Aim: a reaper, wielding a +1 scythe of freezing, wearing a +1 robe of cold resistance and wearing a ring of protection from cold (lightly wounded, entangled in a net, 100% to hit)
The bolt of dispelling energy hits the spriggan simulacrum!!
The bolt of dispelling energy hits the reaper!
The reaper struggles against the net.
The spriggan simulacrum hits you but does no damage.
Aim: a reaper, wielding a +1 scythe of freezing, wearing a +1 robe of cold resistance and wearing a ring of protection from cold (lightly wounded, entangled in a net, 100% to hit)
The bolt of dispelling energy hits the spriggan simulacrum!
The bolt of dispelling energy hits the reaper.
The reaper struggles against the net.
Aim: a reaper, wielding a +1 scythe of freezing, wearing a +1 robe of cold resistance and wearing a ring of protection from cold (lightly wounded, entangled in a net, 100% to hit)
The bolt of dispelling energy hits the reaper but does no damage.
The reaper struggles against the net.
The net rips apart, and the reaper comes free!
Your magical contamination has completely faded away.
Okay, then.
As you read the scroll of identify {@r1}, it crumbles to dust.
Q - a potion of haste The reaper hits you from afar with a +1 scythe of freezing!
The reaper freezes you.
You feel yourself speed up. The reaper hits you but does no damage.
The bolt of lightning hits the reaper.
The fiery plasma hits the reaper!!
The reaper hits you but does no damage.
Here: a reaper, wielding a +1 scythe of freezing, wearing a +1 robe of cold resistance and wearing a ring of protection from cold (heavily wounded)
The floor.
Aim: a reaper, wielding a +1 scythe of freezing, wearing a +1 robe of cold resistance and wearing a ring of protection from cold (heavily wounded, 68% to hit)
The puff of flame hits the reaper but does no damage.
Aim: a reaper, wielding a +1 scythe of freezing, wearing a +1 robe of cold resistance and wearing a ring of protection from cold (heavily wounded, 68% to hit)
The puff of flame misses the reaper.
The reaper hits you from afar with a +1 scythe of freezing!
* * * LOW HITPOINT WARNING * * *
The reaper freezes you.
* * * LOW HITPOINT WARNING * * *
Aim: a reaper, wielding a +1 scythe of freezing, wearing a +1 robe of cold resistance and wearing a ring of protection from cold (heavily wounded, 68% to hit)
The puff of flame hits the reaper but does no damage.
The reaper shouts, "Die, CryoSword!"
The reaper hits you from afar with a +1 scythe of freezing!!
* * * LOW HITPOINT WARNING * * *
The reaper freezes you!
* * * LOW HITPOINT WARNING * * *
Aim: a reaper, wielding a +1 scythe of freezing, wearing a +1 robe of cold resistance and wearing a ring of protection from cold (heavily wounded, 68% to hit)
The puff of flame misses the reaper.
You feel much better.
The reaper smiles without lips.
The reaper hits you from afar with a +1 scythe of freezing!
* * * LOW HITPOINT WARNING * * *
The reaper freezes you.
* * * LOW HITPOINT WARNING * * *
Aim: a reaper, wielding a +1 scythe of freezing, wearing a +1 robe of cold resistance and wearing a ring of protection from cold (heavily wounded, 68% to hit)
The puff of flame hits the reaper.
Aim: a reaper, wielding a +1 scythe of freezing, wearing a +1 robe of cold resistance and wearing a ring of protection from cold (severely wounded, 68% to hit)
The puff of flame hits the reaper but does no damage.
The reaper shouts, "Death awaits you!"
The reaper hits you from afar with a +1 scythe of freezing!
* * * LOW HITPOINT WARNING * * *
The reaper freezes you.
* * * LOW HITPOINT WARNING * * *
Aim: a reaper, wielding a +1 scythe of freezing, wearing a +1 robe of cold resistance and wearing a ring of protection from cold (heavily wounded, 68% to hit)
The puff of flame hits the reaper.
The reaper hits you from afar with a +1 scythe of freezing!!
* * * LOW HITPOINT WARNING * * *
The reaper freezes you!
* * * LOW HITPOINT WARNING * * *
You feel better.
Your transformation is almost over.
The reaper hits you from afar with a +1 scythe of freezing!!
You die...

#### ##..##
##....#
##..#..##
#...###.##
#Z☼####.2#
#§○##).#..##
§○§##...##♣.#
§.○#
#....#..##
#§#§
#....##..#
#.§.
##....#..#
#..
##.#.##..#
#..###...#
#...##..##
#.......#
#..#...##


You could see a reaper.

Vanquished Creatures
  A catoblepas (Lair:1)
  2 hydras
  3 two-headed ogres
  A manticore (D:9)
  6 black mambas
  3 merfolk sirens (Lair:3)
  21 elephants
  2 ice statues (IceCv)
  A torpor snail (Lair:1)
  Joseph (D:10)
  4 rime drakes
  6 cane toads
  7 komodo dragons
  A freezing wraith (IceCv)
  An anaconda simulacrum (IceCv)
  5 ice devils (IceCv)
  A merfolk (Lair:3)
  A troll (shapeshifter) (D:10)
  3 trolls
  A queen bee (Lair:3)
  12 blink frogs
  4 dream sheep (Lair:1)
  5 slime creatures (D:7)
  27 yaks
  2 basilisks (Lair:3)
  A wraith (D:9)
  3 wyverns
  4 steam dragons
  A harpy simulacrum (IceCv)
  4 vampire mosquitoes (D:11)
  A death yak simulacrum (IceCv)
  3 nagas (Lair:2)
  A hydra simulacrum (IceCv)
  2 acid dragons
  10 water moccasins
  3 black bears
  An orc warrior (D:11)
  3 ice beasts
  A sky beast (D:8)
  4 ogres
  4 centaurs
  9 wolves
  3 kobold brigands
  12 bullfrogs
  4 two-headed ogre simulacra (IceCv)
  6 scorpions
  10 wights
  2 elephant simulacra (IceCv)
  28 killer bees
  4 howler monkeys (D:9)
  An electric eel (D:10)
  2 hounds (D:5)
  A gnoll bouda (D:4)
  2 orc priests
  3 sleepcaps
  5 orc wizards
  A polar bear simulacrum (IceCv)
  A spriggan simulacrum (IceCv)
  2 troll simulacra (IceCv)
  11 adders
  7 gnolls
  A river rat (Lair:3)
  A shadow imp (D:5)
  5 white imps
  4 ufetubi
  2 worms
  A dart slug (D:1)
  29 orcs
  6 ball pythons
  A bat (D:1)
  10 endoplasms
  5 giant cockroaches
  9 goblins
  7 hobgoblins
  5 quokkas
  4 frilled lizards
  15 kobolds
  6 rats
392 creatures vanquished.

Vanquished Creatures (others)
  52 fungi
  68 plants
120 creatures vanquished.

Grand Total: 512 creatures vanquished

Notes
Turn   | Place    | Note
-------+----------+-------------------------------------------
     0 | D:1      | CryoSword the Demigod Air Elementalist began the quest for
                  | the Orb.
     0 | D:1      | Reached XP level 1. HP: 14/14 MP: 5/5
    18 | D:1      | Reached skill level 1 in Conjurations
   291 | D:1      | Reached skill level 3 in Air Magic
   358 | D:1      | Reached XP level 2. HP: 20/20 MP: 0/7
  1372 | D:2      | HP: 1/20 [poisoned by an adder]
  1551 | D:2      | Reached XP level 3. HP: 20/26 MP: 0/8
  1724 | D:2      | Identified the +1 robe "Kuticr Ithrea" {rC+}
  2454 | D:2      | Learned a level 2 spell: Static Discharge
  2609 | D:3      | Reached XP level 4. HP: 33/33 MP: 3/9
  3070 | D:3      | Reached skill level 4 in Air Magic
  3879 | D:3      | Learned a level 3 spell: Swiftness
  3968 | D:4      | Noticed a bullfrog
  3973 | D:4      | Killed a bullfrog
  3974 | D:4      | Reached skill level 1 in Fighting
  3974 | D:4      | Reached skill level 1 in Staves
  3974 | D:4      | Reached XP level 5. HP: 31/40 MP: 4/10
  4123 | D:4      | Noticed an ogre
  4130 | D:4      | Killed an ogre
  4131 | D:4      | Reached XP level 6. HP: 46/47 MP: 0/11
  5191 | D:4      | Reached skill level 12 in Air Magic
  5191 | D:4      | Reached XP level 7. HP: 53/53 MP: 13/13
  5197 | D:4      | Learned a level 4 spell: Airstrike
  5198 | D:5      | Entered Level 5 of the Dungeon
  5311 | D:5      | Found a runed translucent gate.
  5311 | D:5      | Found a runed translucent gate.
  5311 | D:5      | Found a runed translucent gate.
  5314 | D:5      | Noticed fly's ghost (weakling DgDe)
  5865 | D:5      | Reached skill level 1 in Maces & Flails
  6001 | D:5      | Reached XP level 8. HP: 61/61 MP: 6/14
  7027 | D:6      | Identified the +2 rapier "Alaudd" {spect, rN+}
  8159 | D:7      | Found a staircase to the Ecumenical Temple.
  8213 | D:7      | Reached skill level 1 in Long Blades
  9526 | D:8      | Reached XP level 9. HP: 68/68 MP: 0/15
  9954 | D:7      | Reached skill level 1 in Fire Magic
 10065 | D:7      | Reached skill level 5 in Long Blades
 10165 | D:7      | Reached skill level 5 in Conjurations
 11571 | D:9      | Found a staircase to the Lair.
 11915 | D:9      | Noticed a manticore
 11918 | D:9      | Killed a manticore
 11919 | D:9      | Reached XP level 10. HP: 74/74 MP: 3/17
 11925 | D:9      | Learned a level 5 spell: Arcjolt
 12487 | D:9      | Noticed a two-headed ogre
 12498 | D:9      | Killed a two-headed ogre
 12517 | D:9      | Noticed a two-headed ogre
 13456 | D:9      | Found a staircase to the Lair.
 13692 | D:9      | Killed a two-headed ogre
 13919 | D:10     | Entered Level 10 of the Dungeon
 14016 | D:10     | Noticed Amaemon
 14152 | D:10     | Identified the +4 war axe of Gounkues {drain, rElec rC-
                  | rCorr}
 14309 | D:10     | Noticed Joseph
 14806 | D:10     | Killed Joseph
 14974 | D:10     | Reached skill level 13 in Air Magic
 15212 | D:11     | Noticed a two-headed ogre
 15226 | D:11     | Killed a two-headed ogre
 15401 | D:11     | Reached XP level 11. HP: 69/80 MP: 4/20
 16316 | D:11     | Found a staircase to the Orcish Mines.
 16929 | D:11     | Found a portal to a secret trove of treasure.
 17216 | Lair:1   | Entered Level 1 of the Lair of Beasts
 17270 | Lair:1   | Reached skill level 10 in Long Blades
 17480 | Lair:1   | Reached skill level 5 in Spellcasting
 17486 | Lair:1   | Learned a level 5 spell: Plasma Beam
 17639 | Lair:1   | Noticed a catoblepas
 17760 | Lair:1   | Killed a catoblepas
 18689 | Lair:1   | Reached skill level 5 in Fire Magic
 19183 | Lair:1   | Reached XP level 12. HP: 79/89 MP: 2/25
 19629 | Lair:2   | Reached skill level 1 in Short Blades
 19973 | Lair:2   | Learned a level 3 spell: Vhi's Electric Charge
 20701 | Lair:2   | Found a staircase to the Snake Pit.
 22406 | Lair:3   | Reached skill level 5 in Fighting
 22544 | Lair:3   | Noticed a four-headed hydra
 22549 | Lair:3   | Killed a four-headed hydra
 23130 | Lair:3   | Reached skill level 5 in Short Blades
 23131 | Lair:3   | Reached XP level 13. HP: 100/100 MP: 15/26
 23722 | Lair:3   | Found a staircase to the Shoals.
 23940 | Lair:3   | Reached skill level 1 in Armour
 24436 | Lair:4   | Reached skill level 14 in Air Magic
 25636 | Lair:5   | Entered Level 5 of the Lair of Beasts
 25675 | Lair:5   | Found a frozen archway.
 25694 | IceCv    | Entered an ice cave
 26625 | IceCv    | Noticed a reaper
 26647 | IceCv    | Mangled by a reaper

Illustrated notes

Levels and vault maps discovered:
D:1:      co_arrival_hall_of_pillars, layout_loops_ring, kennysheep_doodads,
          serial_bayou_lagoon_a, chequers_serial_rivers_small_b
D:2:      layout_loops_corners, kennysheep_generic_room_11
D:3:      layout_basic, mainiacjoe_overflow_boulevard,
          nicolae_ru_sacrificial_ziggurat
D:4:      layout_basic, minmay_pentangle
D:5:      layout_loops_ring, nemelex_spade_bored_becter, gammafunk_ghost_split,
          saegor_snake_ambush
D:6:      layout_loops_ring, kennysheep_mini
D:7:      layout_gridville, led_sif_book, mainiacjoe_overflow_two_lobes,
          minmay_temple_entry_junction
D:8:      statuecave_lemuel, layout_basic, minmay_circle_x
D:9:      layout_irregular_city, due_lair_maze_entry_diamond,
          kennysheep_generic_room_13
D:10:     layout_irregular_city, hangedman_abyss_or_decor_jellyfish_corner,
          amethyst_killhole, minmay_misc_feat_more_columns, fountainhead,
          uniq_amaemon, uniq_joseph
D:11:     layout_stronghold, hiddenorc1_lemuel, enter_trove_6
Lair:1:   layout_chaotic_city
Lair:2:   layout_cave_pods, minmay_snake_entry_guardpost_small, basic_altar
Lair:3:   regret_index_bee_streams, layout_regular_city,
          elwin_shoals_entry_stream, nicolae_quartered_pool_impasse, pond
Lair:4:   layout_regular_city, grunt_megastairs_2, infiniplex_staircase_pool_2,
          serial_bayou_shore_a, lemuel_fruit_fields
Lair:5:   hangedman_lair_tendril_chambers, layout_gridlike, slime_entry_1,
          special_room [special_room_jelly], portal_ice_cave_entry_pillars_1,
          basic_altar, uniq_josephine, uniq_snorg
IceCv:    ice_cave_small_demon

Skill      XL: |  1  2  3  4  5  6  7  8  9 10 11 12 13 |
---------------+----------------------------------------+-----
Conjurations   | 1 2 3 4 5 6 7 8 |  8.0
Air Magic      | 3 4 12 13 14 | 14.1
Fighting       | 1 2 3 5 6 |  6.3
Staves         | 1 |  1.4
Dodging        | 2 3 4 |  4.4
Stealth        | 2 3 |  3.0
Spellcasting   | 2 3 6 |  6.0
Maces & Flails | 1 |  1.6
Long Blades    | 4 7 9 11 | 11.6
Fire Magic     | 2 3 5 6 |  6.0
Short Blades   | 5 6 |  6.1
Armour         | 1 |  1.9

Action                     |  1- 3 |  4- 6 |  7- 9 | 10-12 | 13-15 || total
---------------------------+-------+-------+-------+-------+-------++-------
  Melee: Unarmed           |    24 |       |       |       |       ||    24
         Club              |    12 |       |       |       |       ||    12
         Quarterstaff      |     7 |     5 |       |       |       ||    12
         Whip              |       |     8 |    43 |       |       ||    51
         Falchion          |       |       |    86 |    44 |       ||   130
         Punch             |       |       |     2 |     9 |     3 ||    14
         Scimitar          |       |       |       |   111 |       ||   111
         Rapier            |       |       |       |   131 |   134 ||   265
  Throw: Throwing net      |       |       |       |       |     1 ||     1
   Cast: Shock             |    83 |    79 |    63 |    13 |       ||   238
         Airstrike         |       |       |   104 |   160 |    47 ||   311
         Arcjolt           |       |       |       |    69 |    19 ||    88
         Plasma Beam       |       |       |       |    21 |    25 ||    46
         Swiftness         |       |       |       |     1 |       ||     1
  Evoke: Wand              |       |       |     1 |     4 |    26 ||    31
         Condenser vane    |       |       |       |       |     1 ||     1
    Use: Potion            |     2 |     1 |       |     3 |     6 ||    12
         Scroll            |     4 |     3 |     3 |     8 |     1 ||    19
   Stab: Sleeping          |       |       |       |     1 |       ||     1
         Petrified         |       |       |       |     3 |       ||     3
         Distracted        |       |       |       |     1 |     3 ||     4
 Armour: Robe              |     6 |     3 |    71 |     1 |       ||    81
         Acid dragon scale |       |       |       |     8 |       ||     8
         Troll leather arm |       |       |       |   179 |    53 ||   232
         Ice dragon scales |       |       |       |       |    31 ||    31
         Skin              |       |       |       |       |    28 ||    28
  Dodge: Dodged            |    45 |    23 |   109 |   249 |   107 ||   533

Table legend: (Time is in decaauts)
 A = Elapsed time spent in this place.
 B = Non-inter-level travel time spent in this place.
 C = Inter-level travel time spent in this place.
 D = Time resting spent in this place.
 E = Time spent auto-exploring this place.
 F = Levels seen in this place.
 G = Mean time per level.
                   A        B        C        D        E       F      G
               +--------+--------+--------+--------+--------+-----+--------+
         Total |  26667 |  25080 |   1587 |    705 |  20843 |  17 | 1568.6 |
       Dungeon |  17678 |  16330 |   1348 |    392 |  14002 |  11 | 1607.1 |
          Lair |   8046 |   7807 |    239 |    313 |   6094 |   5 | 1609.2 |
      Ice Cave |    942 |    942 |      0 |      0 |    747 |   1 |  942.0 |
               +--------+--------+--------+--------+--------+-----+--------+

Top non-repeatable levels by time:
  Lair:2: 2645 daAuts
     D:9: 2624 daAuts
  Lair:1: 2324 daAuts
     D:8: 2118 daAuts
  Lair:3: 2046 daAuts
     D:7: 1955 daAuts
    D:11: 1701 daAuts
     D:3: 1597 daAuts
     D:5: 1479 daAuts
     D:2: 1365 daAuts
     D:1: 1312 daAuts
     D:4: 1257 daAuts
     D:6: 1175 daAuts
    D:10: 1092 daAuts
  Lair:4: 972 daAuts
